 Dungeon Crawl Stone Soup version 0.29.1-12-g30fa7ad0bf (webtiles) character file.

Game seed: 12452980074058796504

15 FexLirch the Trooper (level 2, -1/27 HPs)
             Began as a Hill Orc Fighter on Jan 6, 2023.
             Slain by a shadow imp (2 damage)
             ... summoned by Natasha
             ... on level 2 of the Dungeon.
             The game lasted 00:00:51 (485 turns).

FexLirch the Trooper (Hill Orc Fighter)              Turns: 485, Time: 00:00:51

Health: -1/27      AC:  0    Str: 22    XL:     2   Next: 50%
Magic:  2/2        EV: 13    Int:  7    God:
Gold:   24         SH:  0    Dex:  9    Spells: 1/1 levels left

rFire   . . .      SeeInvis .   (weapon currently unavailable)
rCold   . . .      Faith    .   (shield currently unavailable)
rNeg    . . .      Spirit   .   (body armour currently unavailable)
rPois   .          Reflect  .   (helmet currently unavailable)
rElec   .          Harm     .   (cloak currently unavailable)
rCorr   .          Rampage  .   (gloves currently unavailable)
Will    .....                   (boots currently unavailable)
Stlth   +.........              (no amulet)
HPRegen 0.09/turn               (ring currently unavailable)
MPRegen 0.08/turn               (ring currently unavailable)

@: pig-form (expiring), very quick
A: fast, no casting, small, strong 1
a: no special abilities


You were on level 2 of the Dungeon.
You were a filthy swine.
You visited 1 branch of the dungeon, and saw 2 of its levels.

You collected 24 gold pieces.

Inventory:

Hand Weapons
 a - a +0 war axe (melded)
Armour
 b - a +0 scale mail (melded)
 c - a +0 buckler (melded)
Potions
 d - a potion of might
 f - a potion of ambrosia {unknown}
 g - a potion of haste {unknown}


   Skills:
 + Level 3.9 Fighting
 * Level 3.4 Axes
 - Level 3.2 Armour
 + Level 3.5 Shields


You had one spell level left.
You didn't know any spells.
Your spell library was empty.

Dungeon Overview and Level Annotations

Branches:
Dungeon (1/15)

Altars:

Annotations:
D:2 Natasha


Innate Abilities, Weirdness & Mutations

You are a filthy swine.
You move quickly.
Your equipment is almost entirely melded.
You are incapable of wielding weapons or throwing items.
You cannot cast spells.
Your muscles are strong. (Str +4, Int/Dex -1)


Message History

You hit Natasha but do no damage. Natasha closely misses you.
You barely miss Natasha. Natasha barely misses you.
The crimson imp barely misses you.
You hit Natasha but do no damage. Natasha completely misses you.
The crimson imp hits you.
You hit Natasha but do no damage.
Natasha wildly gestures.
Natasha glows brightly for a moment.
Natasha closely misses you. The crimson imp hits you.
You hit Natasha but do no damage. Natasha claws you.
* * * LOW HITPOINT WARNING * * *
The crimson imp blinks!
You closely miss Natasha.
Natasha mumbles some strange words.
You closely miss Natasha.
Your transformation is almost over.
Natasha barely misses you.
You barely miss Natasha. Natasha closely misses you.
You hit Natasha.
Natasha is lightly wounded.
Natasha barely misses you.
You hit Natasha.
Natasha is lightly wounded.
The crimson imp blinks!
Natasha barely misses you.
Okay, then.
Unknown command.
It was a potion of mutation.
You feel extremely strange.
You feel stronger.
Natasha mumbles some strange words.
You barely miss Natasha.
Natasha is lightly wounded.
Natasha claws you.
* * * LOW HITPOINT WARNING * * *
The shadow imp closely misses you. The crimson imp hits you.
* * * LOW HITPOINT WARNING * * *
You hit Natasha.
Natasha is moderately wounded.
The shadow imp hits you.
You die...

### .. #.. .. .
#.###.#.# ........
#5#...# #.#...#.#
#h5..$... #
#h#.##### #.#5#.#
#.....## ###....#
####.# #.#######
#.......# #####
####..####.###....
#..............###


You could see Natasha, a crimson imp (summoned) and 2 shadow imps.

Vanquished Creatures
  2 dart slugs
  An endoplasm (D:1)
  2 giant cockroaches (D:1)
  A goblin (D:1)
  A hobgoblin (D:1)
  A kobold (D:1)
  A bat (D:1)
  A rat (D:1)
10 creatures vanquished.

Notes
Turn   | Place    | Note
-------+----------+-------------------------------------------
     0 | D:1      | FexLirch the Hill Orc Fighter began the quest for the Orb.
     0 | D:1      | Reached XP level 1. HP: 19/19 MP: 1/1
    26 | D:1      | Reached XP level 2. HP: 26/27 MP: 2/2
   371 | D:1      | You fall into a shaft and drop 1 floor!
   466 | D:2      | Noticed Natasha
   472 | D:2      | Noticed a crimson imp
   482 | D:2      | Gained mutation: Your muscles are strong. (Str +4, Int/Dex
                  | -1) [potion of mutation]
   484 | D:2      | HP: 1/27 [crimson imp[Natasha] (3)]
   485 | D:2      | Slain by a shadow imp

Illustrated notes

Levels and vault maps discovered:
D:1:      lightli_molten_gateway, layout_basic,
          hellmonk_ecumenical_altar_heavens_door
D:2:      minmay_general_purpose_star, layout_loops_cross, basic_altar,
          uniq_robin, uniq_natasha

Skill      XL: |  1 |
---------------+----+-----
Axes           | 3 |  3.4
Fighting       | |  3.9
Armour         | |  3.2
Shields        | |  3.5

Action                   || total
-------------------------++-------
Melee: War axe           ||    24
       Unarmed           ||    14
  Use: Potion            ||     1
Armor: Scale mail        ||     7
Dodge: Dodged            ||    17
Block: Buckler           ||     5
